[Event "Chinese Championship-B Men 2024"]
[Site "Liaocheng"]
[Date "2024.04.24"]
[Round "1.1"]
[White "Xie, Wenzhe"]
[Black "Jin, Yueheng"]
[Result "0-1"]
[WhiteElo "1675"]
[BlackElo "2407"]
[PlyCount "56"]
[EventDate "2024.04.24"]
[EventType "swiss"]
[EventCountry "CHN"]
[TimeControl "5400+30"]

1. e4 c5 2. Nf3 e6 3. c3 Nf6 4. e5 Nd5 5. d4 cxd4 6. cxd4 d6 7. Nc3 dxe5 8. Nxe5 Nc6 9. Bb5 Bd7 10. Bxc6 Bxc6 11. Qf3 Qc7 12. Nxc6 bxc6 13. Nxd5 cxd5 14. O-O Be7 15. Qg3 Qxg3 16. hxg3 Rb8 17. b3 Kd7 18. Bf4 Rbc8 19. Rac1 Ba3 20. Rxc8 Rxc8 21. Rb1 Rc2 22. b4 Rxa2 23. b5 Bb2 24. Be3 Ra1 25. Rxa1 Bxa1 26. Kf1 Kc7 27. Ke2 Kb6 28. Kd3 Kxb5 0-1

[Event "Chinese Championship-B Men 2024"]
[Site "Liaocheng"]
[Date "2024.04.24"]
[Round "1.2"]
[White "Xie, Kaifan"]
[Black "Ruan, Jiaming"]
[Result "1-0"]
[WhiteElo "2393"]
[BlackElo "1670"]
[PlyCount "83"]
[EventDate "2024.04.24"]
[EventType "swiss"]
[EventCountry "CHN"]
[TimeControl "5400+30"]

1. d4 Nf6 2. c4 c5 3. d5 e6 4. Nc3 exd5 5. cxd5 d6 6. e4 g6 7. f4 Bg7 8. Bb5+ Nfd7 9. a4 O-O 10. Nf3 Na6 11. O-O Nb4 12. h3 a6 13. Bc4 f5 14. e5 dxe5 15. d6+ Kh8 16. Ng5 e4 17. Be3 Nb6 18. Nf7+ Rxf7 19. Bxf7 Nd3 20. a5 Qf6 21. Qb3 c4 22. Qxb6 Qxf7 23. Na4 Be6 24. Nc5 Bd5 25. Nxd3 exd3 26. Bd4 Rc8 27. Rac1 Kg8 28. Bxg7 Qxg7 29. Qe3 Qxb2 30. Rf2 Qf6 31. Qxd3 Qxd6 32. Qc3 Re8 33. Rd2 Qc6 34. Rcd1 Bf7 35. Rd8 Qe4 36. Rxe8+ Qxe8 37. Kh2 Qb8 38. Qd4 Qc7 39. Qd8+ Qxd8 40. Rxd8+ Kg7 41. Rd7 Kf6 42. Rxb7 1-0

[Event "Chinese Championship-B Men 2024"]
[Site "Liaocheng"]
[Date "2024.04.24"]
[Round "1.3"]
[White "Xu, Tianqi"]
[Black "Zhang, Ziji"]
[Result "0-1"]
[WhiteElo "1670"]
[BlackElo "2392"]
[PlyCount "122"]
[EventDate "2024.04.24"]
[EventType "swiss"]
[EventCountry "CHN"]
[TimeControl "5400+30"]

1. e4 c5 2. Nf3 Nc6 3. d4 cxd4 4. Nxd4 Nf6 5. Nc3 d6 6. Be3 Ng4 7. Bb5 Nxe3 8. Nxc6 Nxd1 9. Nxd8+ Kxd8 10. Rxd1 e6 11. O-O a6 12. Ba4 Kc7 13. f4 Be7 14. g4 Rd8 15. f5 b5 16. Bb3 Bf6 17. fxe6 fxe6 18. g5 Be5 19. Rf7+ Kb6 20. a4 b4 21. Ne2 Bxb2 22. Nd4 Rd7 23. Rxd7 Bxd7 24. Nxe6 Be5 25. Nd4 Rf8 26. Kg2 Rf4 27. Nf3 Bc6 28. Nxe5 dxe5 29. Bd5 Bxa4 30. Rb1 Kc5 31. Ra1 Bb5 32. h3 Be2 33. Re1 Bc4 34. Rd1 Be2 35. Re1 Bb5 36. Ra1 h6 37. gxh6 gxh6 38. Ba8 h5 39. Rd1 Bc6 40. Bxc6 Kxc6 41. Ra1 Kb5 42. Rd1 Rxe4 43. Kf3 Rc4 44. Rd5+ Rc5 45. Rd2 a5 46. Ke4 a4 47. Rd8 Rxc2 48. Rb8+ Kc4 49. Kxe5 a3 50. Rc8+ Kb3 51. Ra8 a2 52. Kd4 Rc1 53. Ra6 a1=Q+ 54. Rxa1 Rxa1 55. Ke5 Kc4 56. Kd6 b3 57. Ke5 b2 58. Kf4 b1=Q 59. Kg5 Qe4 60. Kh6 Rg1 61. Kxh5 Qh7# 0-1

[Event "Chinese Championship-B Men 2024"]
[Site "Liaocheng"]
[Date "2024.04.24"]
[Round "1.4"]
[White "Xie, Jianjun"]
[Black "Wang, Zihao(Sh)"]
[Result "1-0"]
[WhiteElo "2384"]
[BlackElo "1838"]
[PlyCount "121"]
[EventDate "2024.04.24"]
[EventType "swiss"]
[EventCountry "CHN"]
[TimeControl "5400+30"]

1. d4 Nf6 2. Nf3 e6 3. g3 Be7 4. Bg2 O-O 5. O-O d5 6. c4 c6 7. Nbd2 Nbd7 8. Qc2 Bd6 9. e4 Nxe4 10. Nxe4 dxe4 11. Qxe4 c5 12. Rd1 Nf6 13. Qe2 Qb6 14. Bg5 Be7 15. dxc5 Qxc5 16. Ne5 Ne8 17. b4 Qc7 18. Bf4 g5 19. Bd2 f6 20. Ng4 Nd6 21. c5 Nf5 22. Rac1 Bd7 23. Bc3 a6 24. Qb2 Kg7 25. Qd2 Be8 26. Qxg5+ Bg6 27. Ne3 Kf7 28. Qf4 Rac8 29. Qf3 Rb8 30. Nc4 Kg8 31. Na5 b5 32. Qc6 Qxc6 33. Nxc6 Rb7 34. Nd8 Ra7 35. Nxe6 Rc8 36. Nf4 a5 37. a3 axb4 38. axb4 Ng7 39. Nd5 Kf7 40. Bf1 Rb8 41. Nb6 Bd8 42. Bxb5 Bxb6 43. cxb6 Rab7 44. Bd4 Nf5 45. Bc5 Ne7 46. Ba6 Rxb6 47. Bc4+ Kf8 48. Rd7 R6b7 49. Bxe7+ Ke8 50. Rxb7 Rxb7 51. Bc5 Bf7 52. Ba6 Rb8 53. Re1+ Kd8 54. Re7 Be8 55. Rxh7 f5 56. Ba7 Rxb4 57. Rb7 Rxb7 58. Bxb7 Ke7 59. f4 Kf6 60. Kf2 Bb5 61. Ke3 1-0

[Event "Chinese Championship-B Men 2024"]
[Site "Liaocheng"]
[Date "2024.04.24"]
[Round "1.5"]
[White "Lin, Shuhan"]
[Black "Jiang, Haochen"]
[Result "0-1"]
[WhiteElo "1656"]
[BlackElo "2381"]
[PlyCount "65"]
[EventDate "2024.04.24"]
[EventType "swiss"]
[EventCountry "CHN"]
[TimeControl "5400+30"]

1. d4 Nf6 2. c4 e6 3. Nf3 d5 4. Nc3 Be7 5. Bg5 h6 6. Bh4 O-O 7. e3 b6 8. cxd5 exd5 9. Bd3 Bb7 10. O-O c5 11. Rc1 Nbd7 12. Qc2 c4 13. Bf5 a6 14. a4 g6 15. Bxf6 Bxf6 16. Bh3 Bc6 17. Rfd1 Re8 18. e4 dxe4 19. d5 Bxa4 20. Qxa4 b5 21. Nxb5 Nb6 22. Qb4 axb5 23. Nd4 Nxd5 24. Qxb5 Nf4 25. Ne6 Nxh3+ 26. gxh3 Qe7 27. Nf4 e3 28. Rc2 Bh4 29. f3 Rab8 30. Qa5 Qf6 31. Rxc4 e2 32. Nxe2 Rxe2 33. Qd5 0-1

[Event "Chinese Championship-B Men 2024"]
[Site "Liaocheng"]
[Date "2024.04.24"]
[Round "1.6"]
[White "Wu, Yixing"]
[Black "Zhu, Zimo"]
[Result "1-0"]
[WhiteElo "2348"]
[BlackElo "1652"]
[PlyCount "91"]
[EventDate "2024.04.24"]
[EventType "swiss"]
[EventCountry "CHN"]
[TimeControl "5400+30"]

1. Nf3 d5 2. g3 c5 3. Bg2 Nf6 4. O-O Nc6 5. d4 e6 6. b3 b6 7. c4 Bb7 8. cxd5 Nxd5 9. Bb2 Nf6 10. Nbd2 Be7 11. Rc1 Nb4 12. a3 Na6 13. dxc5 bxc5 14. Nc4 O-O 15. Qxd8 Raxd8 16. Nfe5 Bxg2 17. Kxg2 Nb8 18. Bc3 Nd5 19. Ba5 Rc8 20. e4 Nf6 21. f3 Nc6 22. Nxc6 Rxc6 23. Rfd1 Rfc8 24. g4 h6 25. Kg3 Kf8 26. h4 Ke8 27. g5 hxg5 28. hxg5 Nd7 29. Kg4 Nb6 30. Rh1 Nxc4 31. Rxc4 f6 32. f4 Kf7 33. gxf6 Bxf6 34. e5 Be7 35. Rd1 Ke8 36. Kh5 Bd8 37. Bxd8 Rxd8 38. Rxd8+ Kxd8 39. Kg6 Rc7 40. b4 cxb4 41. Rxc7 Kxc7 42. axb4 Kc6 43. f5 exf5 44. e6 Kd6 45. Kf7 f4 46. e7 1-0

[Event "Chinese Championship-B Men 2024"]
[Site "Liaocheng"]
[Date "2024.04.24"]
[Round "1.7"]
[White "Guo, Runpeng"]
[Black "Jiang, Qinyu"]
[Result "0-1"]
[WhiteElo "1651"]
[BlackElo "2319"]
[PlyCount "50"]
[EventDate "2024.04.24"]
[EventType "swiss"]
[EventCountry "CHN"]
[TimeControl "5400+30"]

1. d4 Nf6 2. Nc3 d5 3. Bf4 a6 4. e3 e6 5. Nf3 c5 6. a4 Nc6 7. Be2 Be7 8. Ne5 Nxe5 9. Bxe5 O-O 10. O-O b6 11. Bg3 Bb7 12. f3 Rc8 13. Qd2 cxd4 14. exd4 Nh5 15. Be1 Qc7 16. g3 Nf6 17. Bd3 e5 18. dxe5 Qxe5 19. Qe2 Bc5+ 20. Bf2 Qh5 21. Rae1 Rfe8 22. Qd1 Rxe1 23. Qxe1 d4 24. g4 Nxg4 25. fxg4 Qxg4+ 0-1

[Event "Chinese Championship-B Men 2024"]
[Site "Liaocheng"]
[Date "2024.04.24"]
[Round "1.8"]
[White "Zhang, Di"]
[Black "Liu, Zezhou"]
[Result "1-0"]
[WhiteElo "2303"]
[BlackElo "1651"]
[PlyCount "65"]
[EventDate "2024.04.24"]
[EventType "swiss"]
[EventCountry "CHN"]
[TimeControl "5400+30"]

1. e4 c5 2. Nc3 Nc6 3. Bb5 Nd4 4. Bc4 Nf6 5. Nge2 a6 6. a4 e6 7. O-O d5 8. exd5 exd5 9. Ba2 Bd6 10. d3 Bg4 11. f3 Be6 12. Bg5 h6 13. Bf4 Bxf4 14. Nxf4 Qd6 15. Qd2 O-O 16. a5 Rad8 17. Rae1 b5 18. axb6 Qxb6 19. Nd1 Rd6 20. Kh1 a5 21. Qf2 a4 22. g4 g5 23. Ng2 a3 24. c3 Nc6 25. bxa3 Ra8 26. h3 Rxa3 27. f4 Nh7 28. fxg5 hxg5 29. Rxe6 fxe6 30. Qf7+ Kh8 31. Qe8+ Kg7 32. Rf7+ Kh6 33. Qg8 1-0

[Event "Chinese Championship-B Men 2024"]
[Site "Liaocheng"]
[Date "2024.04.24"]
[Round "1.9"]
[White "Zhai, Bugong"]
[Black "Li, Haoyu"]
[Result "1/2-1/2"]
[WhiteElo "1651"]
[BlackElo "2233"]
[PlyCount "67"]
[EventDate "2024.04.24"]
[EventType "swiss"]
[EventCountry "CHN"]
[TimeControl "5400+30"]

1. c4 c5 2. g3 g6 3. Bg2 Bg7 4. Nc3 Nc6 5. Nf3 Nf6 6. d4 cxd4 7. Nxd4 O-O 8. O-O Nxd4 9. Qxd4 d6 10. e4 Qa5 11. Qd3 Be6 12. Nd5 Bxd5 13. exd5 Nd7 14. Qe2 Rfe8 15. Bh3 Qc7 16. Be3 a5 17. Rac1 a4 18. f4 e6 19. dxe6 fxe6 20. Rfd1 Nc5 21. Rc2 Rad8 22. Bg2 b6 23. Bf2 e5 24. fxe5 Bxe5 25. Qg4 Qg7 26. Bd5+ Kh8 27. Bd4 Bxd4+ 28. Qxd4 Re1+ 29. Kg2 Qxd4 30. Rxd4 Kg7 31. Rf2 Rd7 32. Bc6 Rd8 33. Bd5 Rd7 34. Bc6 1/2-1/2

[Event "Chinese Championship-B Men 2024"]
[Site "Liaocheng"]
[Date "2024.04.24"]
[Round "1.10"]
[White "Xi, Qi"]
[Black "Fu, Yuhan"]
[Result "1-0"]
[WhiteElo "2217"]
[BlackElo "1648"]
[PlyCount "91"]
[EventDate "2024.04.24"]
[EventType "swiss"]
[EventCountry "CHN"]
[TimeControl "5400+30"]

1. d4 d5 2. c4 e6 3. Nf3 Nf6 4. Nc3 c6 5. cxd5 exd5 6. Bg5 Be7 7. Qc2 Be6 8. e3 O-O 9. Bd3 h6 10. Bf4 a5 11. h3 Na6 12. a3 Re8 13. O-O Bd6 14. Ne5 Qc7 15. Ne2 Nc5 16. Rac1 Nxd3 17. Nxd3 Bf5 18. Bxd6 Qxd6 19. Ng3 Bg6 20. Qc5 Qxc5 21. Nxc5 Re7 22. a4 Ne8 23. Rfd1 Nd6 24. Nf1 Nc4 25. b3 Nd6 26. Rc3 Rc8 27. Nd2 f6 28. Rdc1 Kf7 29. Nd3 Bh7 30. Nf4 g5 31. Nxd5 cxd5 32. Rxc8 Nxc8 33. Rxc8 Rd7 34. f3 Bd3 35. Kf2 f5 36. Rc3 Ba6 37. Rc5 b6 38. Rc6 Bd3 39. Rxh6 Kg7 40. Rc6 f4 41. Rc3 Ba6 42. Nf1 Re7 43. g3 Kf7 44. gxf4 gxf4 45. exf4 Re2+ 46. Kg3 1-0

[Event "Chinese Championship-B Men 2024"]
[Site "Liaocheng"]
[Date "2024.04.24"]
[Round "1.11"]
[White "Fang, Zelong"]
[Black "Chen, Hongsen"]
[Result "0-1"]
[WhiteElo "1642"]
[BlackElo "2171"]
[PlyCount "110"]
[EventDate "2024.04.24"]
[EventType "swiss"]
[EventCountry "CHN"]
[TimeControl "5400+30"]

1. e4 c6 2. d4 d5 3. e5 Bf5 4. Nf3 e6 5. c3 c5 6. Bd3 Bxd3 7. Qxd3 Nd7 8. O-O Ne7 9. Be3 Nc6 10. a3 a5 11. Nbd2 c4 12. Qc2 b5 13. Ne1 f5 14. exf6 Qxf6 15. f4 Bd6 16. Nef3 O-O 17. Rae1 Qf5 18. Qxf5 exf5 19. Ne5 Ndxe5 20. dxe5 Be7 21. Nf3 Kf7 22. Nd4 Nxd4 23. Bxd4 Ke6 24. Rd1 Rab8 25. Ra1 Rb7 26. Rfb1 g5 27. fxg5 Bxg5 28. b4 a4 29. Rf1 Rg7 30. Rf3 h5 31. Raf1 h4 32. h3 Rg6 33. Kh1 Rf7 34. g4 hxg3 35. Rxg3 f4 36. Rg4 f3 37. Rg3 Rf5 38. Rf2 Rh6 39. Rf1 Bd2 40. Kg1 Rf4 41. Rfxf3 Rxf3 42. Rxf3 Bc1 43. Rf8 Bxa3 44. Rb8 Kf5 45. Rxb5 Bb2 46. Rxd5 Rxh3 47. Ra5 a3 48. b5 Bxc3 49. Bxc3 Rxc3 50. b6 Rb3 51. b7 c3 52. Ra8 Rxb7 53. Rxa3 c2 54. Rf3+ Kxe5 55. Rf1 Rb1 0-1

[Event "Chinese Championship-B Men 2024"]
[Site "Liaocheng"]
[Date "2024.04.24"]
[Round "1.12"]
[White "Gong, Changda"]
[Black "Yu, Zhenghuan"]
[Result "1-0"]
[WhiteElo "2170"]
[BlackElo "1640"]
[PlyCount "87"]
[EventDate "2024.04.24"]
[EventType "swiss"]
[EventCountry "CHN"]
[TimeControl "5400+30"]

1. d4 Nf6 2. c4 g6 3. Nc3 Bg7 4. e4 O-O 5. Nf3 d6 6. Be2 e5 7. Be3 Nc6 8. d5 Ne7 9. Nd2 Ne8 10. b4 f5 11. f3 c6 12. Nb3 Kh8 13. Rc1 Nf6 14. O-O cxd5 15. cxd5 Bd7 16. Na5 b6 17. Nc4 Be8 18. a4 f4 19. Bf2 g5 20. b5 Nc8 21. a5 h5 22. Ra1 Rb8 23. axb6 axb6 24. Ra6 Bh6 25. Qa1 Bg6 26. Ra8 Rxa8 27. Qxa8 Qe7 28. Qa6 g4 29. Nxb6 Nxb6 30. Bxb6 gxf3 31. Bxf3 Ng4 32. Ba7 Ne3 33. b6 Nxf1 34. Kxf1 Qh4 35. b7 Qxh2 36. b8=Q Qh1+ 37. Ke2 Rxb8 38. Bxb8 Qc1 39. Qc8+ Kh7 40. Qb7+ Kg8 41. Kd3 Qf1+ 42. Kc2 Bf8 43. Qb6 h4 44. Bxd6 1-0

[Event "Chinese Championship-B Men 2024"]
[Site "Liaocheng"]
[Date "2024.04.24"]
[Round "1.13"]
[White "Cao, Jing Yang"]
[Black "Wang, Hao B"]
[Result "0-1"]
[WhiteElo "1626"]
[BlackElo "2170"]
[PlyCount "100"]
[EventDate "2024.04.24"]
[EventType "swiss"]
[EventCountry "CHN"]
[TimeControl "5400+30"]

1. d4 Nf6 2. Nc3 g6 3. Bf4 Bg7 4. e3 O-O 5. Be2 c5 6. Nf3 d6 7. d5 Nbd7 8. O-O a6 9. a4 Nh5 10. Bg3 Nxg3 11. hxg3 Qa5 12. Ra3 Nb6 13. Qa1 Bxc3 14. bxc3 Nxd5 15. e4 Nb6 16. Nd2 Be6 17. Nb3 Bxb3 18. cxb3 Rac8 19. Qb2 c4 20. bxc4 Rxc4 21. Bxc4 Nxc4 22. Qb3 Nxa3 23. Qxa3 Rc8 24. Rc1 b5 25. f3 Rc4 26. Qb3 Qxa4 27. Qb2 Qa5 28. Kh2 h5 29. Qd2 Qa3 30. Rc2 Qc5 31. Ra2 Qe5 32. Rxa6 h4 33. Qf4 hxg3+ 34. Kxg3 Qxc3 35. Qg5 Rxe4 36. Ra8+ Kg7 37. Rc8 Qe1+ 38. Kh2 Rh4+ 39. Qxh4 Qxh4+ 40. Kg1 Qe1+ 41. Kh2 b4 42. Rb8 d5 43. Rb5 d4 44. Rd5 b3 45. Rxd4 Qe5+ 46. Rf4 Qxf4+ 47. g3 Qxf3 48. Kg1 b2 49. Kh2 b1=Q 50. Kh3 Qbh1# 0-1

[Event "Chinese Championship-B Men 2024"]
[Site "Liaocheng"]
[Date "2024.04.24"]
[Round "1.14"]
[White "Hou, Yifan b"]
[Black "Chia, Yu Zhe Ashton"]
[Result "1-0"]
[WhiteElo "2161"]
[BlackElo "2230"]
[PlyCount "72"]
[EventDate "2024.04.24"]
[EventType "swiss"]
[EventCountry "CHN"]
[TimeControl "5400+30"]

1. d4 Nf6 2. c4 g6 3. Nf3 Bg7 4. g3 c6 5. Bg2 d5 6. cxd5 cxd5 7. O-O O-O 8. Nc3 Nc6 9. Ne5 Bf5 10. Nxc6 bxc6 11. Bf4 Qb6 12. Na4 Qb5 13. Be5 Ne4 14. Bxg7 Kxg7 15. Rc1 Rab8 16. b3 Rfc8 17. Bxe4 dxe4 18. Rc5 Qa6 19. Qd2 Rb5 20. Rfc1 Rxc5 21. Nxc5 Qb5 22. Rc4 Rd8 23. Qf4 Qa5 24. g4 Bc8 25. Qxe4 Rd5 26. h3 e5 27. Nd3 f5 28. Qe3 e4 29. Ne5 Qe1+ 30. Kg2 Ba6 31. Rxc6 Bxe2 32. Rc1 Bf1+ 33. Kg3 Qe2 34. Rc7+ Kf6 35. Qh6 Rxe5 36. Qg7+ Kg5 1-0

[Event "Chinese Championship-B Men 2024"]
[Site "Liaocheng"]
[Date "2024.04.24"]
[Round "1.15"]
[White "Wu, Zhaohan"]
[Black "Zhu, Yilun"]
[Result "0-1"]
[WhiteElo "1601"]
[BlackElo "2125"]
[PlyCount "84"]
[EventDate "2024.04.24"]
[EventType "swiss"]
[EventCountry "CHN"]
[TimeControl "5400+30"]

1. e4 e5 2. Nf3 Nc6 3. d4 exd4 4. Nxd4 Nf6 5. Nc3 Bb4 6. Nxc6 bxc6 7. Bd3 O-O 8. O-O Re8 9. Re1 Rb8 10. a3 Bd6 11. Rb1 Be5 12. Bd2 d6 13. f3 Nd7 14. g3 Nc5 15. Bf1 Qf6 16. Kh1 g6 17. Bg2 h5 18. Qc1 Bd7 19. Nd1 Qh8 20. Bc3 h4 21. Bxe5 Rxe5 22. g4 h3 23. Bf1 Qh4 24. Nc3 Rbe8 25. Qf4 f5 26. Be2 fxe4 27. Nxe4 Nxe4 28. fxe4 Rf8 29. Qg3 Qxg3 30. hxg3 Rxe4 31. Bd3 Rxg4 32. Re7 Rf7 33. Rxf7 Kxf7 34. Kh2 Rg5 35. Re1 Re5 36. Rxe5 dxe5 37. Be2 Kf6 38. g4 Kg5 39. Kxh3 Kf4 40. Kh4 e4 41. g5 Ke3 42. Bc4 Kf2 0-1

[Event "Chinese Championship-B Men 2024"]
[Site "Liaocheng"]
[Date "2024.04.24"]
[Round "2.1"]
[White "Jin, Yueheng"]
[Black "Yang, Shuai(Sd)"]
[Result "1-0"]
[WhiteElo "2407"]
[BlackElo "1823"]
[PlyCount "105"]
[EventDate "2024.04.24"]
[EventType "swiss"]
[EventCountry "CHN"]
[TimeControl "5400+30"]

1. d4 Nf6 2. c4 g6 3. g3 Bg7 4. Bg2 d6 5. Nf3 Nbd7 6. Nc3 c6 7. e4 Nb6 8. b3 d5 9. e5 Ne4 10. Nxe4 dxe4 11. Ng5 c5 12. Bb2 cxd4 13. Qxd4 Qxd4 14. Bxd4 Nd7 15. Nxf7 O-O 16. Rd1 Nb8 17. e6 Bxe6 18. Ng5 Bg4 19. Bxg7 Kxg7 20. Rd4 Kh6 21. h4 Bf3 22. O-O Nc6 23. Rd7 Rad8 24. Rxd8 Nxd8 25. Nxe4 Bxg2 26. Kxg2 Nc6 27. Ng5 Rf6 28. Rd1 Kg7 29. Rd7 b6 30. Rc7 h6 31. Ne4 Re6 32. Nc3 Kf7 33. Nd5 Ke8 34. Rc8+ Kf7 35. b4 Ne5 36. Rc7 a5 37. c5 bxc5 38. b5 Nc4 39. Rxc5 Nb6 40. Nxb6 Rxb6 41. Kf3 a4 42. Ke4 Re6+ 43. Kd3 Re1 44. Rc2 Rb1 45. Kc4 a3 46. Rc3 Ke6 47. Rxa3 Kd7 48. Ra7+ Kd8 49. a4 Rf1 50. a5 Rxf2 51. b6 Rb2 52. b7 Kc7 53. a6 1-0

[Event "Chinese Championship-B Men 2024"]
[Site "Liaocheng"]
[Date "2024.04.24"]
[Round "2.2"]
[White "Cheng, Zihan"]
[Black "Xie, Kaifan"]
[Result "0-1"]
[WhiteElo "1819"]
[BlackElo "2393"]
[PlyCount "104"]
[EventDate "2024.04.24"]
[EventType "swiss"]
[EventCountry "CHN"]
[TimeControl "5400+30"]

1. e4 c6 2. d4 d5 3. exd5 cxd5 4. Bd3 Nc6 5. c3 Nf6 6. Bf4 Bg4 7. Qb3 e5 8. dxe5 Nh5 9. Be3 Nxe5 10. Bb5+ Nc6 11. h3 Be6 12. Qa4 Qc7 13. Nf3 Bd6 14. Nd4 Bd7 15. O-O O-O 16. Bd3 Bh2+ 17. Kh1 Bf4 18. Nxc6 Bxe3 19. Ne7+ Kh8 20. Nxd5 Qd6 21. Qe4 f5 22. Qxe3 Qxd5 23. Be2 Rae8 24. Qf3 Qe5 25. Qxh5 g6 26. Qh4 Qxe2 27. Qd4+ Kg8 28. Nd2 Bc6 29. Rfe1 Qxe1+ 30. Rxe1 Rxe1+ 31. Kh2 a6 32. Nc4 Re2 33. a3 Re4 34. Qc5 Rd8 35. Qb6 Rd5 36. Na5 Rb5 37. Qc7 Rxb2 38. Nxc6 bxc6 39. Qc8+ Kf7 40. Qxa6 Ree2 41. Qc4+ Kf8 42. Qc5+ Kf7 43. Qa7+ Re7 44. Qd4 Re4 45. Qd7+ Re7 46. Qxc6 Rxf2 47. Qd5+ Kf8 48. a4 Rf1 49. a5 f4 50. a6 Ree1 51. Qd8+ Kg7 52. Qd4+ Kh6 0-1

[Event "Chinese Championship-B Men 2024"]
[Site "Liaocheng"]
[Date "2024.04.24"]
[Round "2.3"]
[White "Zhang, Ziji"]
[Black "Jin, Ruijun"]
[Result "1-0"]
[WhiteElo "2392"]
[BlackElo "1819"]
[PlyCount "65"]
[EventDate "2024.04.24"]
[EventType "swiss"]
[EventCountry "CHN"]
[TimeControl "5400+30"]

1. d4 d5 2. Nf3 Nf6 3. e3 e6 4. Bd3 c5 5. b3 cxd4 6. exd4 Bb4+ 7. c3 Ba5 8. Ba3 Nc6 9. O-O Ne7 10. c4 dxc4 11. bxc4 O-O 12. Nbd2 Re8 13. Ne4 Nf5 14. Rb1 Rb8 15. Qa4 Nxe4 16. Bxe4 Bd7 17. Qc2 Qf6 18. Rxb7 Rxb7 19. Bxb7 Rb8 20. Be4 g6 21. Rd1 Bc7 22. Bc1 Rb4 23. Bg5 Qg7 24. Qc3 Ba5 25. Bxf5 gxf5 26. Qa3 Ra4 27. Qd6 f6 28. Bxf6 Qxf6 29. Qxd7 Rxa2 30. Qxa7 f4 31. h4 Qg6 32. Ne5 Qe8 33. Rb1 1-0

[Event "Chinese Championship-B Men 2024"]
[Site "Liaocheng"]
[Date "2024.04.24"]
[Round "2.4"]
[White "Xia, Jinnan"]
[Black "Xie, Jianjun"]
[Result "1/2-1/2"]
[WhiteElo "1819"]
[BlackElo "2384"]
[PlyCount "62"]
[EventDate "2024.04.24"]
[EventType "swiss"]
[EventCountry "CHN"]
[TimeControl "5400+30"]

1. d4 Nf6 2. c4 g6 3. Nc3 d5 4. Nf3 Bg7 5. Bf4 O-O 6. e3 c5 7. Be2 cxd4 8. Nxd4 Ne4 9. Nxe4 dxe4 10. Bxb8 Rxb8 11. O-O Qb6 12. Nb3 Bxb2 13. Rb1 Bg7 14. Qc2 Qc7 15. Rbc1 f5 16. c5 Kh8 17. Rfd1 Bd7 18. Nd4 Rbd8 19. g3 Bc8 20. c6 Bxd4 21. exd4 Rf6 22. d5 b6 23. Rd2 Kg7 24. Rcd1 Kf8 25. Qc3 Rdd6 26. Qe3 Kg7 27. Qf4 Qd8 28. h4 h6 29. a4 Qc7 30. Bf1 Qd8 31. Be2 Qc7 1/2-1/2

[Event "Chinese Championship-B Men 2024"]
[Site "Liaocheng"]
[Date "2024.04.24"]
[Round "2.5"]
[White "Jiang, Haochen"]
[Black "Guo, Xinyu"]
[Result "1-0"]
[WhiteElo "2381"]
[BlackElo "1803"]
[PlyCount "65"]
[EventDate "2024.04.24"]
[EventType "swiss"]
[EventCountry "CHN"]
[TimeControl "5400+30"]

1. d4 d5 2. c4 e6 3. Nc3 Nf6 4. Nf3 Nbd7 5. e3 Be7 6. b3 O-O 7. Bb2 b6 8. Bd3 Bb7 9. O-O c5 10. Qe2 Ne4 11. Rfd1 Ndf6 12. Rac1 Rc8 13. dxc5 Nxc3 14. Bxc3 bxc5 15. Qc2 h6 16. cxd5 Nxd5 17. Bh7+ Kh8 18. e4 Nxc3 19. Rxd8 Rfxd8 20. Qxc3 Kxh7 21. Qe3 Kg8 22. h4 Rd7 23. g4 Rcd8 24. g5 hxg5 25. hxg5 g6 26. Qf4 Bd6 27. Qh4 Bf8 28. Kg2 Rd1 29. Rxd1 Rxd1 30. Qf4 Rd7 31. Ne5 Bd6 32. f3 Ba6 33. Qd2 1-0

[Event "Chinese Championship-B Men 2024"]
[Site "Liaocheng"]
[Date "2024.04.24"]
[Round "2.6"]
[White "Jiang, Bryan Liu"]
[Black "Wu, Yixing"]
[Result "0-1"]
[WhiteElo "1800"]
[BlackElo "2348"]
[PlyCount "120"]
[EventDate "2024.04.24"]
[EventType "swiss"]
[EventCountry "CHN"]
[TimeControl "5400+30"]

1. d4 Nf6 2. c4 e6 3. Nf3 d5 4. Nc3 Nbd7 5. Bg5 Bb4 6. Bxf6 Bxc3+ 7. bxc3 Nxf6 8. cxd5 exd5 9. e3 O-O 10. Bd3 Bg4 11. h3 Bh5 12. O-O Ne4 13. Rc1 Bxf3 14. gxf3 Nd6 15. f4 f5 16. Qh5 Rf6 17. Kh2 Ne4 18. Bxe4 dxe4 19. Rg1 Qd7 20. Rg2 Raf8 21. Rcg1 R8f7 22. Qd1 Qb5 23. Qc2 Qc4 24. Rb1 Rb6 25. Rgg1 Rff6 26. Rb3 Rfc6 27. Rc1 a5 28. Ra3 Ra6 29. Ra4 Qf7 30. Rb1 Rh6 31. Qb3 Rae6 32. Rg1 b6 33. Rg3 Rc6 34. Qxf7+ Kxf7 35. c4 Rhg6 36. Kg2 Ke7 37. Kf1 Kd7 38. Ke2 Kc8 39. d5 Rcd6 40. Ra3 c6 41. dxc6 Rxc6 42. Rxg6 hxg6 43. Rc3 Kc7 44. Kd2 Rd6+ 45. Ke2 Kc6 46. a3 Kc5 47. h4 a4 48. f3 exf3+ 49. Kxf3 Rd2 50. Rc1 Rh2 51. Rb1 Ra2 52. Rg1 Rxa3 53. Rxg6 Ra1 54. Rxg7 Kxc4 55. Ra7 b5 56. e4 Rf1+ 57. Kg2 Rxf4 58. exf5 Rxf5 59. Kg3 Kb3 60. Kg4 Rf1 0-1

[Event "Chinese Championship-B Men 2024"]
[Site "Liaocheng"]
[Date "2024.04.24"]
[Round "2.7"]
[White "Jiang, Qinyu"]
[Black "Zhou, Yuxu"]
[Result "1/2-1/2"]
[WhiteElo "2319"]
[BlackElo "1789"]
[PlyCount "61"]
[EventDate "2024.04.24"]
[EventType "swiss"]
[EventCountry "CHN"]
[TimeControl "5400+30"]

1. e4 c6 2. d4 d5 3. e5 Bf5 4. h4 h5 5. Bd3 Bxd3 6. Qxd3 Qa5+ 7. Nd2 e6 8. Ngf3 Nh6 9. O-O Nf5 10. a4 Be7 11. g3 O-O 12. c4 Rd8 13. b3 c5 14. Ba3 cxd4 15. Bxe7 Nxe7 16. Qxd4 Nbc6 17. Qf4 Ng6 18. Qg5 Ncxe5 19. Nxe5 Nxe5 20. Qxe5 Qxd2 21. Rad1 Qc2 22. cxd5 exd5 23. Rxd5 Qxb3 24. Rb5 Qxa4 25. Rxb7 Rd1 26. Qxh5 Rxf1+ 27. Kxf1 Qa6+ 28. Qb5 Qxb5+ 29. Rxb5 a5 30. Ke2 a4 31. Rb2 1/2-1/2

[Event "Chinese Championship-B Men 2024"]
[Site "Liaocheng"]
[Date "2024.04.24"]
[Round "2.8"]
[White "Qu, Haoming"]
[Black "Zhang, Di"]
[Result "0-1"]
[WhiteElo "1786"]
[BlackElo "2303"]
[PlyCount "100"]
[EventDate "2024.04.24"]
[EventType "swiss"]
[EventCountry "CHN"]
[TimeControl "5400+30"]

1. d4 Nf6 2. c4 e6 3. g3 d5 4. Bg2 Be7 5. Nf3 O-O 6. O-O a5 7. Qc2 Nc6 8. a3 dxc4 9. Qxc4 a4 10. Nc3 Bd7 11. Qd3 Nd5 12. e4 Nxc3 13. Qxc3 Na5 14. Bf4 Bd6 15. Ne5 Bb5 16. Rfe1 Nb3 17. Rad1 Rc8 18. Bh3 c6 19. Be3 Qe7 20. Nd3 Bc7 21. Nb4 Rfd8 22. Bf1 Ba5 23. Bc4 Bxc4 24. Qxc4 b5 25. Qc3 e5 26. dxe5 c5 27. Nd5 Rxd5 28. exd5 Bxc3 29. bxc3 Na5 30. d6 Qd7 31. Rd5 Nb7 32. f4 h5 33. Red1 h4 34. Kg2 b4 35. axb4 cxb4 36. cxb4 a3 37. R1d2 Rc3 38. Bc5 hxg3 39. hxg3 a2 40. Rxa2 Qc6 41. Rad2 Nxc5 42. bxc5 Rxc5 43. Kh3 Rxd5 44. Rxd5 Qxd5 45. Kg4 Kh7 46. Kg5 Qf3 47. g4 Qh3 48. Kf5 Kh6 49. e6 Qd3+ 50. Ke5 f6# 0-1

[Event "Chinese Championship-B Men 2024"]
[Site "Liaocheng"]
[Date "2024.04.24"]
[Round "2.9"]
[White "Li, Youjia"]
[Black "Xi, Qi"]
[Result "0-1"]
[WhiteElo "1779"]
[BlackElo "2217"]
[PlyCount "72"]
[EventDate "2024.04.24"]
[EventType "swiss"]
[EventCountry "CHN"]
[TimeControl "5400+30"]

1. e4 e6 2. d4 d5 3. Nd2 c5 4. exd5 Qxd5 5. Ngf3 cxd4 6. Bc4 Qd7 7. O-O Nc6 8. Nb3 Nf6 9. Nbxd4 Nxd4 10. Nxd4 a6 11. Bb3 Bc5 12. c3 b5 13. Be3 O-O 14. Nf5 Qc6 15. Bxc5 Qxc5 16. Nd6 Bd7 17. Ne4 Nxe4 18. Qxd7 Rad8 19. Qb7 Nd2 20. Rfd1 a5 21. g3 a4 22. Bc2 Rd5 23. a3 Rfd8 24. Rac1 g6 25. Ra1 Kg7 26. Rac1 e5 27. Ra1 e4 28. Qa6 R8d6 29. Qb7 Rd7 30. Qa8 e3 31. fxe3 Qxe3+ 32. Kh1 Qf3+ 33. Kg1 Qe2 34. Rf1 Nxf1 35. Rxf1 Rd2 36. Qh1 Qe3+ 0-1